 Dungeon Crawl Stone Soup version 0.30.1 (webtiles) character file.

Game seed: 11279623991789173055

2 cheesebisquit the Grave Robber (level 1, 14/14 HPs)
             Began as a Ghoul Necromancer on July 2, 2023.
             Quit the game on level 1 of the Dungeon.
             The game lasted 00:00:50 (167 turns).

cheesebisquit the Grave Robber (Ghoul Necromancer)   Turns: 167, Time: 00:00:51

Health: 14/14      AC:  2    Str: 11    XL:     1   Next: 40%
Magic:  2/2        EV: 12    Int: 10    God:
Gold:   0          SH:  0    Dex:  9    Spells: 2/3 levels left

rFire   . . .        (no weapon)
rCold   + . .        (no shield)
rNeg    + + +        a - +0 robe
rPois   ∞            (no helmet)
rElec   .            d - scarf {+Inv}
rCorr   .            (no gloves)
SInv    .            (no boots)
Will    .....        (no amulet)
Stlth   ++           (no ring)
HPRegen 0.00/turn    (no ring)
MPRegen 0.08/turn

%: no passive effects
@: inhibited regen
A: claws 1, cold resistance 1, negative energy resistance 3, inhibited
regeneration, torment resistance 2, devour on kill
a: Evoke Invisibility


You were on level 1 of the Dungeon.
You visited 1 branch of the dungeon, and saw 1 of its levels.

Inventory:

Armour
 a - a +0 robe (worn)
 d - a scarf of invisibility (worn)
Scrolls
 c - a scroll of vulnerability {unknown}
 e - a scroll of enchant armour {unknown}
 g - 2 scrolls of identify {unknown}
Potions
 b - a potion of magic
 f - 2 potions of haste {unknown}


   Skills:
 + Level 0.1 Fighting
 + Level 1.8 Dodging
 - Level 2.1 Stealth
 * Level 0.2 Unarmed Combat
 + Level 1.8 Spellcasting
 + Level 4.0 Necromancy


You had 2 spell levels left.
You knew the following spells:

 Your Spells              Type           Power      Damage    Failure   Level
a - Necrotise             Necr           32%        1d5       6%          1

Your spell library contained the following spells:

 Spells                   Type           Power      Damage    Failure   Level
 Vampiric Draining        Necr           8%         2d6       19%         3
 Animate Dead             Necr           8%         N/A       52%         4
 Agony                    Necr           8%         N/A       86%         5


Dungeon Overview and Level Annotations

Branches:
Dungeon (1/15)

Altars:

Shops:
D:1 =(


Innate Abilities, Weirdness & Mutations

You are immune to poison.
You have sharp fingernails.
Your flesh is cold resistant. (rC+)
You are immune to negative energy. (rN+++)
You do not regenerate when monsters are visible.
You are immune to unholy pain and torment.
You thrive by killing the living.


Message History

Everyone else who sought the Orb of Zot has failed.
Will you be different?
Press ? for a list of commands and other information.
Found a staircase leading out of the dungeon.
As you open the gate, it creaks loudly!
Found a scroll labelled EDEDWO EKIQIUMOWI.
There is an open gate here.
c - a scroll labelled EDEDWO EKIQIUMOWI You see here a scarf of invisibility.
d - a scarf of invisibility You start putting on your armour.
You continue putting on your scarf of invisibility. x4
You finish putting on your scarf of invisibility.
You become transparent for a moment.
e - a scroll labelled LOIWEF ESTROOSEX A hobgoblin comes into view.
Found 2 lumpy silvery potions and a ring mail.
Found a scroll labelled NOSAYL DOSOHO.
The hobgoblin writhes in agony.
The hobgoblin writhes in agony.
You kill the hobgoblin!
The dead are walking!
Magic restored.
Your hobgoblin skeleton crumbles into dust!
f - 2 lumpy silvery potions
Found a leather armour.
g - a scroll labelled NOSAYL DOSOHO
Found a mace.
An endoplasm comes into view.
The endoplasm quivers.
Found a stone staircase leading down.
The endoplasm writhes in agony.
You kill the endoplasm!
g - 2 scrolls labelled NOSAYL DOSOHO (gained 1)
Found Cepemn's Weapon Shop.
There is a stone staircase leading down here.
Found a leather armour.
A quokka comes into view.
A goblin comes into view. It is wielding a +0 dagger.
Found Tice's Jewellery Shop.
Found an escape hatch in the floor.
Are you sure you want to abandon this character and quit the game? (Confirm with "yes".)

#... #........ #...#
#....[... #...#
#..####.#
>####...########..#.....
∩.8[#.........##..#.##..
.g............##..#.##..
8.....∩......>....#.##..
..............###...###.
###...@......# ##..###.
#....#.##### #......
#....#.# #.#####
#....#.# #.# #..r...#
####.### ##...###
#......# ##..# #.##.#.#
#... #. #.#.### #####.
#......


You could see a quokka (asleep) and a goblin.

Vanquished Creatures
  An endoplasm (D:1)
  A hobgoblin (D:1)
2 creatures vanquished.

Notes
Turn   | Place    | Note
-------+----------+-------------------------------------------
     0 | D:1      | cheesebisquit the Ghoul Necromancer began the quest for the
                  | Orb.
     0 | D:1      | Reached XP level 1. HP: 14/14 MP: 2/2
   160 | D:1      | Found Cepemn's Weapon Shop.
   166 | D:1      | Found Tice's Jewellery Shop.
   167 | D:1      | Quit the game

Illustrated notes

Levels and vault maps discovered:
D:1:      dpeg_arrival_windows_large_door, layout_loops_cross, serial_shops,
          nicolae_diamond_shop, shop, nicolae_shop_statue_plus,
          nicolae_shop_rolling_square, minmay_lizard_king

Action                     || total
---------------------------++-------
   Cast: Necrotise         ||     3
